 Dungeon Crawl Stone Soup version 0.29.1-2-gbd0b4ee654 (webtiles) character file.

Game seed: 2152021993705174090

47 Bordun the Poker (level 3, -1/37 HPs)
             Began as an Ogre Gladiator on Nov 8, 2022.
             Slain by an adder (4 damage)
             ... on level 2 of the Dungeon.
             The game lasted 00:23:14 (2207 turns).

Bordun the Poker (Ogre Gladiator)                   Turns: 2207, Time: 00:23:14

Health: -1/37      AC:  3    Str: 18 (20) XL:     3   Next: 70%
Magic:  3/3        EV: 10    Int:  7 (9)  God:
Gold:   42         SH:  0    Dex:  9 (10) Spells: 2/2 levels left

rFire   . . .      SeeInvis .   a - +0 trident
rCold   . . .      Faith    .   (no shield)
rNeg    . . .      Spirit   .   b - +0 robe
rPois   .          Reflect  .   c - +0 hat
rElec   .          Harm     .   (no cloak)
rCorr   .          Rampage  .   (gloves unavailable)
Will    .....                   (boots unavailable)
Stlth   +.........              (no amulet)
HPRegen 0.12/turn               (no ring)
MPRegen 0.08/turn               (no ring)

@: lethally poisoned (-1 -> -11)
A: large, unfitting armour, tough skin 1
a: no special abilities


You were on level 2 of the Dungeon.
You visited 1 branch of the dungeon, and saw 2 of its levels.

You collected 42 gold pieces.

Inventory:

Hand Weapons
 a - a +0 trident (weapon)
Missiles
 d - 3 throwing nets (quivered)
 e - a large rock
 j - 37 stones
Armour
 b - a +0 robe (worn)
 c - a +0 hat (worn)
Jewellery
 g - a ring of flight
Scrolls
 f - a scroll of identify {unknown}
 i - a scroll of poison {unknown}
 k - 4 scrolls of teleportation {unknown}
 l - 2 scrolls of butterflies {unknown}
Potions
 h - 2 potions of invisibility {unknown}
 m - a potion of lignification {unknown}


   Skills:
 + Level 3.1 Fighting
 + Level 3.7 Polearms
 + Level 2.0 Throwing
 + Level 3.2 Dodging
 + Level 0.3 Stealth


You had 2 spell levels left.
You didn't know any spells.
Your spell library was empty.

Dungeon Overview and Level Annotations

Branches:
Dungeon (2/15)

Altars:

Shops:
D:1 ?


Innate Abilities, Weirdness & Mutations

You are too large for most types of armour.
You have tough skin. (AC +1)


Message History

The adder bites you but does no damage.
You hit the adder.
The adder is heavily wounded.
You feel sick. The adder bites you.
You are more poisoned.
The adder poisons you!
You miss the adder.
The adder is heavily wounded.
You feel very sick. The adder barely misses you.
The adder bites you but does no damage.
You miss the adder.
The adder is heavily wounded.
You feel sick. The adder bites you but does no damage.
You are too injured to fight recklessly!
You are too injured to fight recklessly!
You are too injured to fight recklessly!
You are too injured to fight recklessly!
You are too injured to fight recklessly!
You hit the adder but do no damage.
The adder is heavily wounded.
You feel sick. The adder barely misses you. x2
You barely miss the adder.
The adder is heavily wounded.
You feel sick. The adder bites you.
You are more poisoned.
The adder poisons you!
You closely miss the adder.
The adder is heavily wounded.
You feel sick. The adder bites you.
* * * LOW HITPOINT WARNING * * *
The adder bites you.
* * * LOW HITPOINT WARNING * * *
You are lethally poisoned!
The adder poisons you!
You closely miss the adder.
The adder is heavily wounded.
* * * LOW HITPOINT WARNING * * *
You feel very sick. The adder bites you.
You die...

#...##.#.#.#
#......#.#.#
#.#.####.#.#
#.#.# #...#
#.#.# #.###
#.#.####.#
#........#
#....)..#
#..####@#
#.....S...#
#.#####.#.#
#>.... ###
##. #


You could see an adder.

Vanquished Creatures
  An adder (D:2)
  A dart slug (D:1)
  3 ball pythons
  5 endoplasms
  A giant cockroach (D:1)
  2 goblins
  2 hobgoblins
  7 jackals
  A quokka (D:1)
  A bat (D:1)
  A frilled lizard (D:1)
  2 kobolds (D:1)
  5 rats
32 creatures vanquished.

Notes
Turn   | Place    | Note
-------+----------+-------------------------------------------
     0 | D:1      | Bordun the Ogre Gladiator began the quest for the Orb.
     0 | D:1      | Reached XP level 1. HP: 22/22 MP: 1/1
   306 | D:1      | Reached XP level 2. HP: 29/29 MP: 2/2
   649 | D:1      | Found Itzis's Magic Scroll Boutique.
   688 | D:1      | Found a faded altar of an unknown god.
  1142 | D:1      | Reached XP level 3. HP: 37/37 MP: 3/3
  2207 | D:2      | Slain by an adder

Illustrated notes

Levels and vault maps discovered:
D:1:      evilmike_arrival_plus, layout_loops_corners, serial_shops,
          shop_statue, shapermc_ecumenical_altar_notcrosses
D:2:      layout_loops_ring, basic_altar, minmay_misc_feat_encased

Skill      XL: |  1  2 |
---------------+-------+-----
Dodging        | 3 |  3.2
Fighting       | 3 |  3.1
Polearms       | |  3.7
Throwing       | |  2.0
Stealth        | |  0.3

Action                   || total
-------------------------++-------
Melee: Trident           ||   147
  Use: Potion            ||     3
 Stab: Sleeping          ||     2
Armor: Robe              ||    46
Dodge: Dodged            ||    99
